 Dungeon Crawl Stone Soup version 0.19.1-1-g22dce08 (webtiles) character file.

745 Jynx the Firebug (level 7, -1/36 HPs)
             Began as a Deep Elf Fire Elementalist on Jan 6, 2017.
             Slain by a centaur (5 damage)
             ... on level 5 of the Dungeon.
             The game lasted 00:06:26 (4475 turns).

Jynx the Firebug (Deep Elf Fire Elementalist)       Turns: 4475, Time: 00:06:27

Health: -1/36      AC:  3    Str:  5    XL:     7   Next: 47%
Magic:  13/18      EV: 13    Int: 22    God:
Gold:   213        SH:  0    Dex: 15    Spells: 4 memorised, 5 levels left

rFire  . . .     SeeInvis .     (no weapon)
rCold  . . .     Gourm    .     a - +0 robe
rNeg   + . .     Faith    .     (no shield)
rPois  .         Spirit   .     i - +0 helmet
rElec  .         Reflect  .     (no cloak)
rCorr  .         Harm     .     (no gloves)
MR     .....                    (no boots)
Stlth  ++........               (no amulet)
                                (no ring)
                                d - ring of positive energy

@: no status effects
A: no striking features
a: no special abilities


You were on level 5 of the Dungeon.
You were not hungry.

You visited 1 branch of the dungeon, and saw 5 of its levels.

You collected 213 gold pieces.

Inventory:

Armour
 a - a +0 robe (worn)
 i - a +0 helmet (worn)
 s - the cursed +0 ring mail of the Ecumenical Temple {rC+ Regen+, unknown}
   (You found it on level 4 of the Dungeon)

   It protects you from cold.
   It increases your rate of regeneration.
   It has a curse placed upon it.
Jewellery
 d - a ring of positive energy (left hand)
Wands
 v - a wand of lightning (8/15)
Scrolls
 e - 7 scrolls of identify {unknown}
 f - a scroll of enchant weapon {unknown}
 j - a scroll of teleportation {unknown}
 l - a scroll of magic mapping {unknown}
 o - a scroll of amnesia {unknown}
 r - 2 scrolls of fear {unknown}
 w - 2 scrolls of remove curse {unknown}
 x - a scroll of immolation {unknown}
Potions
 h - a potion of berserk rage {unknown}
 k - a potion of cancellation {unknown}
 m - a potion of ambrosia {unknown}
 n - 4 potions of curing {unknown}
 q - a potion of brilliance {unknown}
 t - 2 potions of heal wounds {unknown}
 z - a potion of degeneration {unknown}
 A - a potion of flight {unknown}
Books
 b - a book of Flames

   Spells                             Type                      Level
   a - Flame Tongue                   Conjuration/Fire             1
   b - Throw Flame                    Conjuration/Fire             2
   c - Conjure Flame                  Conjuration/Fire             3
   d - Inner Flame                    Hexes/Fire                   3
   e - Sticky Flame                   Conjuration/Fire             4
   f - Fireball                       Conjuration/Fire             5
Comestibles
 c - 3 bread rations
 g - 3 fruits
 p - 3 beef jerkies
 u - 5 chunks of flesh


   Skills:
 - Level 2.4 Dodging
 - Level 2.4 Stealth
 + Level 6.4 Spellcasting
 + Level 4.5 Conjurations
 * Level 7.1 Fire Magic


You had 5 spell levels left.
You knew the following spells:

 Your Spells              Type           Power        Failure   Level  Hunger
a - Flame Tongue          Conj/Fire      ####.        1%          1    None
b - Conjure Flame         Conj/Fire      ####....     2%          3    #......
c - Sticky Flame          Conj/Fire      ####....     12%         4    ###....
d - Fireball              Conj/Fire      ####......   28%         5    #####..


Dungeon Overview and Level Annotations

Branches:
Dungeon (5/15)
 Temple: D:4-7

Altars:
Ashenzari
Sif Muna
Xom
The Shining One


Message History

The centaur hits you. The centaur closely misses you.
Casting: Flame Tongue
Confirm with . or Enter, or press ? or * to list all spells.
Aiming: Sticky Flame
Press: ? - help, Shift-Dir - straight line, f - centaur
Aim: a centaur The sticky flame hits the centaur.
The centaur is lightly wounded.
The centaur is covered in liquid flames!
The centaur burns!
The centaur hits you!
* * * LOW HITPOINT WARNING * * *
Casting: Sticky Flame
Confirm with . or Enter, or press ? or * to list all spells.
Aiming: Flame Tongue
Press: ? - help, Shift-Dir - straight line, f/p - centaur
Aim: a centaur (lightly wounded, covered in liquid flames)
The flame tongue hits the centaur.
The centaur is heavily wounded.
The centaur burns!
The centaur hits you.
You die...

#.# #####..
#####..##..
#.......##.
#.......##.## ###
#.......##..# . ..#
#........##(## ...
..#
#........#((c#.....
..#
#........#.@.......
..#
#.........(##......
..# #..........#
#..... ..#
#.....)...## .....
.## #....(....#
.... .# #....)....#
.... .# #......)..#
... .# #....)...(#
## #.........#


You could see a centaur (burning).

Vanquished Creatures
  The ghost of McKennaii the Gusty, a novice HEAE of Sif Muna (D:5)
  Eustachio (D:5)
  A sky beast (D:5)
  A hound (D:5)
  Jessica (D:2)
  2 orc wizards (D:4)
  2 worker ants
  A hound zombie (D:5)
  A worker ant zombie (D:5)
  An adder (D:2)
  A worm (D:2)
  2 dart slugs (D:2)
  3 leopard geckos
  10 orcs
  A ball python (D:1)
  10 bats
  2 giant cockroaches (D:1)
  6 goblins
  8 hobgoblins
  2 jackals (D:1)
  8 kobolds
  A quokka (D:4)
  6 frilled lizards
  A quokka skeleton (D:4)
  12 rats
85 creatures vanquished.

Notes
Turn   | Place    | Note
-------+----------+-------------------------------------------
     0 | D:1      | Jynx the Deep Elf Fire Elementalist began the quest for the Orb.
     0 | D:1      | Reached XP level 1. HP: 10/10 MP: 6/6
   275 | D:1      | Reached XP level 2. HP: 12/15 MP: 1/8
   703 | D:1      | Reached skill level 4 in Fire Magic
   896 | D:1      | Reached XP level 3. HP: 19/19 MP: 8/10
  1340 | D:2      | Found a shattered altar of Ashenzari.
  2015 | D:2      | Reached XP level 4. HP: 24/24 MP: 6/12
  2159 | D:2      | Noticed Jessica
  2165 | D:2      | Killed Jessica
  2522 | D:3      | Found a shimmering altar of Xom.
  2597 | D:3      | You fall through a shaft!
  2601 | D:4      | Got a bronze ring mail
  2724 | D:4      | Found a deep blue altar of Sif Muna.
  2824 | D:4      | Reached XP level 5. HP: 11/28 MP: 8/14
  3017 | D:4      | Learned a level 3 spell: Conjure Flame
  3022 | D:4      | Learned a level 4 spell: Sticky Flame
  3028 | D:4      | Learned a level 5 spell: Fireball
  3298 | D:4      | Reached skill level 5 in Fire Magic
  3411 | D:4      | Found a glowing golden altar of the Shining One.
  3629 | D:5      | Entered Level 5 of the Dungeon
  3665 | D:5      | Reached skill level 5 in Spellcasting
  3710 | D:5      | Noticed Eustachio
  3974 | D:5      | Killed Eustachio
  3974 | D:5      | Reached skill level 6 in Fire Magic
  3974 | D:5      | Reached XP level 6. HP: 29/32 MP: 0/16
  4032 | D:5      | Noticed a sky beast
  4041 | D:5      | Killed a sky beast
  4298 | D:5      | Noticed McKennaii's ghost (novice HEAE)
  4306 | D:5      | Killed McKennaii's ghost
  4306 | D:5      | Reached skill level 7 in Fire Magic
  4306 | D:5      | Reached XP level 7. HP: 24/36 MP: 6/18
  4475 | D:5      | Slain by a centaur

Skill      XL: |  1  2  3  4  5  6 |
---------------+-------------------+-----
Fire Magic     | 4 6 7 |  7.1
Spellcasting   | 4 5 6 |  6.4
Conjurations   | 2 3 4 |  4.5
Dodging        | |  2.4
Stealth        | |  2.4

Action                   |  1- 3 |  4- 6 |  7- 9 || total
-------------------------+-------+-------+-------++-------
Melee: Unarmed           |     1 |     1 |     3 ||     5
 Cast: Flame Tongue      |    87 |    76 |    12 ||   175
       Sticky Flame      |       |     3 |     1 ||     4
  Eat: Chunk             |     3 |     6 |     2 ||    11
Armor: Robe              |    12 |     6 |       ||    18
Dodge: Dodged            |    27 |    17 |     3 ||    47
